 Dungeon Crawl Stone Soup version 0.29-a0-243-g602b31c20e (webtiles) character file.

Game seed: 4826817373167451896

1852 siradein the Purveyor of Pain (level 8, -7/66 (68) HPs)
             Began as a Yellow Draconian Necromancer on Mar 5, 2022.
             Was an Initiate of Kikubaaqudgha.
             Mangled by a wight
             ... wielding a +0 great sword
              (10 damage)
             ... on level 7 of the Dungeon.
             The game lasted 00:16:15 (9221 turns).

siradein the Purveyor of Pain (DrNe)                Turns: 9221, Time: 00:16:16

HP:   -7/66 (68)    AC:  8    Str:  7    XL:     8   Next: 88%
MP:   0/16          EV: 14    Int: 26    God:    Kikubaaqudgha [......]
Gold: 360           SH:  0    Dex: 19    Spells: 4/17 levels left

rFire   . . .      SeeInvis +   G - +0 morningstar
rCold   . . .      Faith    .   (no shield)
rNeg    . . .      Spirit   +   (body armour unavailable)
rPois   .          Reflect  .   (helmet restricted)
rElec   .          Harm     .   h - +0 cloak "Vaziett" {Str-5 Int+3 Dex+4}
rCorr   +          Rampage  .   A - +0 pair of gloves
Will    .....                   (no boots)
Stlth   +++.......              E - amulet of the Six Holding Towns {Spirit Dex+4 SInv Stlth+}
HPRegen 0.21/turn               j - ring of wizardry
MPRegen 0.15/turn               y - +6 ring of intelligence

@: lightly drained
A: spit acid, AC +6, unfitting armour, cold-blooded, acid resistance
a: Breathe Acid, Renounce Religion


You were on level 7 of the Dungeon.
You worshipped Kikubaaqudgha.
Kikubaaqudgha was noncommittal.
You visited 2 branches of the dungeon, and saw 8 of its levels.

You collected 360 gold pieces.

Inventory:

Hand Weapons
 G - a +0 morningstar (weapon)
Armour
 h - the +0 cloak "Vaziett" (worn) {Str-5 Int+3 Dex+4}
   (You found it on level 2 of the Dungeon)

   Str:       It affects your strength (-5).
   Int:       It affects your intelligence (+3).
   Dex:       It affects your dexterity (+4).
 A - a +0 pair of gloves (worn)
Jewellery
 j - a ring of wizardry (left hand)
 q - a ring of flight
 u - a +6 ring of dexterity
 y - a +6 ring of intelligence (right hand)
 E - the amulet of the Six Holding Towns (around neck) {Spirit Dex+4 SInv Stlth+}
   (You found it on level 5 of the Dungeon)

   [amulet of guardian spirit]

   It causes incoming damage to be divided between your reserves of health and
   magic.
   Dex:       It affects your dexterity (+4).
   SInv:      It lets you see invisible.
   Stlth:     It makes you more stealthy.
Wands
 n - a wand of polymorph (5)
 t - a wand of mindburst (14)
 x - a wand of iceblast (6)
Scrolls
 b - a scroll of holy word {unknown}
 c - 3 scrolls of fog {unknown}
 d - 2 scrolls of noise {unknown}
 e - 2 scrolls of fear {unknown}
 k - a scroll of enchant armour {unknown}
 l - a scroll of brand weapon {unknown}
 o - 2 scrolls of teleportation {unknown}
 p - a scroll of vulnerability {unknown}
 z - a scroll of magic mapping {unknown}
 B - 2 scrolls of identify {unknown}
 C - a scroll of enchant weapon {unknown}
Potions
 a - 2 potions of resistance {unknown}
 f - a potion of attraction {unknown}
 g - a potion of cancellation {unknown}
 i - a potion of ambrosia {unknown}
 m - 4 potions of curing {unknown}
 r - 6 potions of flight {unknown}
 s - a potion of heal wounds {unknown}
 w - a potion of haste {unknown}
 D - a potion of lignification {unknown}
 F - a potion of invisibility {unknown}


   Skills:
 + Level 5.2 Fighting
 + Level 4.7 Maces & Flails
 + Level 4.7 Dodging
 - Level 1.7 Stealth
 + Level 5.3 Spellcasting
 + Level 6.7 Necromancy


You had 4 spell levels left.
You knew the following spells:

 Your Spells              Type           Power      Damage    Failure   Level
a - Pain                  Necr           100%       1d9       1%          1
b - Vampiric Draining     Necr           42%        2d9       1%          3
c - Animate Dead          Necr           21%        N/A       1%          4
d - Excruciating Wounds   Necr           21%        N/A       5%          5

Your spell library contained the following spells:

 Spells                   Type           Power      Damage    Failure   Level
 Animate Skeleton         Necr           84%        N/A       1%          1
 Gell's Gravitas          Tloc           6%         N/A       9%          3
 Lesser Beckoning         Tloc           6%         N/A       9%          3
 Teleport Other           Tloc           6%         N/A       9%          3
 Agony                    Necr           42%        N/A       5%          5
 Blade Hands              Tmut           3%         N/A       58%         5
 Irradiate                Conj/Tmut      3%         3d14      58%         5
 Dispersal                Tloc           3%         N/A       98%         6
 Dragon Form              Tmut           3%         N/A       100%        7


Dungeon Overview and Level Annotations

Branches:
Dungeon (7/15)             Temple (1/1) D:5

Altars:
Ashenzari
Cheibriados
Dithmenos
Elyvilon
Fedhas
Gozag
Hepliaklqana
Kikubaaqudgha
Makhleb
Nemelex Xobeh
Okawaru
Qazlal
Ru
Sif Muna
Trog
Uskayaw
Vehumet
Wu Jian
Xom
Yredelemnul
Zin
The Shining One


Innate Abilities, Weirdness & Mutations

You can spit globs of acid.
Your golden yellow scales are hard. (AC +6)
You cannot fit into any form of body armour.
You are cold-blooded and may be slowed by cold attacks.
You are resistant to acid. (rCorr)


Message History

You climb downwards.
There is a stone staircase leading up here.
A centaur is nearby!
A wight is nearby!
Found a stone staircase leading down.
An orc and an orc wizard come into view.
The orc shouts!
An orc comes into view. It is wielding a +0 flail.
Found 2 glowing grey potions.
An orc wizard comes into view. It is wielding a +0 dagger.
The orc wizard shouts!
You hear a shout! x2
An orc comes into view. It is wielding a +0 hand axe.
The orc shouts!
A gnoll sergeant comes into view. It is wielding a +0 spear.
The gnoll sergeant shouts!
The orc hits you with a +0 short sword.
A gnoll comes into view. It is wielding a +0 flail.
Found a ring mail.
The gnoll shouts!
Really walk into that dispersal trap?
You enter a dispersal trap!
The orc blinks! x3; The orc wizard blinks! x2
The orc blinks!
You blink.
A gnoll comes into view. It is wielding a +0 whip.
Found 3 javelins.
A gnoll comes into view. It is wielding a +0 whip.
The orc wizard mumbles some strange words.
The orc wizard flickers and vanishes for a moment.
The wight hits you with a +0 great sword!
* * * LOW HITPOINT WARNING * * *
You feel drained.
* * * LOW HITPOINT WARNING * * *
You see here 2 glowing grey potions.
Unknown command.
The gnoll shouts!
The orc hits you but does no damage.
The gnoll sergeant hits you from afar with a +0 spear.
* * * LOW HITPOINT WARNING * * *
The wight hits you with a +0 great sword!
You die...
Kikubaaqudgha rasps: "You have failed me!
Welcome... death!"

###..[### #...§...#
....o...# ######
#.......# #....# #§#
#.##.#####
#.########.##..z...
#.§........<.......
#o...o.###..#.##..#
#.o.#...@z......>..
.#
#.##..go.z###.#...##
# # #.g.o..#
#......# #.##.###
....c... #. #.#
........ .g .g#
.#........ #.. #g.
..(


You could see a gnoll sergeant, 2 wights, 2 orc wizards, 3 gnolls and 2 orcs.

Vanquished Creatures
  Sigmund (D:3)
  2 black bears (D:4)
  4 ogres
  2 centaurs
  A phantom (D:5)
  3 scorpions
  A hound (D:6)
  3 jellies
  3 orc priests
  Jessica (D:3)
  Natasha (thrice) (D:3)
  Terence (D:2)
  5 iguanas
  2 orc wizards (D:4)
  Robin (D:2)
  10 adders
  3 gnolls (D:5)
  A worm (D:3)
  A dart slug (D:5)
  19 orcs
  7 endoplasms
  4 giant cockroaches
  13 hobgoblins
  8 jackals
  4 quokkas
  5 ball pythons
  3 bats
  3 frilled lizards
  13 goblins
  8 kobolds
  6 rats
141 creatures vanquished.

Notes
Turn   | Place    | Note
-------+----------+-------------------------------------------
     0 | D:1      | siradein the Draconian Necromancer began the quest for the
                  | Orb.
     0 | D:1      | Reached XP level 1. HP: 14/14 MP: 3/3
   123 | D:1      | Reached XP level 2. HP: 8/20 MP: 1/5
  1371 | D:2      | Reached XP level 3. HP: 24/26 MP: 4/7
  1375 | D:2      | Learned a level 3 spell: Vampiric Draining
  1671 | D:2      | Identified the +0 cloak "Vaziett" {Str-5 Int+3 Dex+4}
  1911 | D:2      | Noticed Robin
  2178 | D:2      | Reached XP level 4. HP: 32/34 MP: 5/8
  2183 | D:2      | Learned a level 4 spell: Animate Dead
  2455 | D:2      | Noticed Terence
  2568 | D:2      | Killed Terence
  2569 | D:2      | Reached skill level 1 in Fighting
  2679 | D:2      | Reached skill level 1 in Maces & Flails
  3183 | D:2      | Killed Robin
  3633 | D:3      | Noticed Sigmund
  4087 | D:3      | Reached XP level 5. HP: 40/40 MP: 5/9
  4254 | D:3      | Noticed Jessica
  4695 | D:3      | Killed Sigmund
  4696 | D:3      | Reached skill level 5 in Necromancy
  4696 | D:3      | Reached XP level 6. HP: 38/48 MP: 4/11
  4836 | D:3      | Killed Jessica
  4877 | D:3      | Noticed Natasha
  5114 | D:3      | Killed Natasha
  5409 | D:3      | Noticed Natasha
  5429 | D:3      | Killed Natasha
  5507 | D:3      | Noticed Natasha
  5511 | D:3      | Killed Natasha
  5733 | D:4      | Your scales start taking on a golden yellow colour.
  5733 | D:4      | Reached XP level 7. HP: 39/57 MP: 8/13
  5733 | D:4      | Gained mutation: You are resistant to acid. (rCorr) [Yellow
                  | Draconian growth]
  6933 | D:4      | Reached skill level 6 in Necromancy
  6934 | D:4      | Reached XP level 8. HP: 44/66 MP: 7/14
  6940 | D:4      | Learned a level 5 spell: Excruciating Wounds
  7137 | D:5      | Entered Level 5 of the Dungeon
  7619 | D:5      | Found a shimmering altar of Xom.
  7902 | D:5      | Found a staircase to the Ecumenical Temple.
  7912 | Temple   | Entered the Ecumenical Temple
  7974 | Temple   | Became a worshipper of Kikubaaqudgha
  8019 | D:5      | Reached skill level 5 in Spellcasting
  8369 | D:5      | Identified the amulet of the Six Holding Towns {Spirit
                  | Dex+4 SInv Stlth+}
  8579 | D:6      | Reached skill level 5 in Fighting
  9146 | D:6      | Noticed a death knight
  9221 | D:7      | HP: 3/66 [gnoll sergeant/+0 spear (1)]
  9221 | D:7      | Mangled by a wight

Illustrated notes

Levels and vault maps discovered:
D:1:      dpeg_arrival_arbitrary_a, layout_basic
D:2:      layout_loops_ring, minmay_strange_pillars, dk_vineyard_3, uniq_robin,
          uniq_terence
D:3:      layout_loops_ring, uniq_sigmund, uniq_natasha, uniq_jessica
D:4:      layout_rooms, hangedman_decor_peaks_small, minmay_lizard_king
D:5:      layout_loops_ring, mainiacjoe_overflow_concentric_impassable,
          minmay_temple_entry_offerings
D:6:      layout_loops_ring, minmay_fountain_box, hangedman_decor_growths,
          minivault_26, minmay_misc_feat_pillars, st_stairs_14,
          kennysheep_generic_room_2, uniq_menkaure, uniq_eustachio
D:7:      layout_loops_ring
Temple:   compressed_dpeg_circular_temple

Skill      XL: |  1  2  3  4  5  6  7  8 |
---------------+-------------------------+-----
Spellcasting   | 3 4 5 |  5.3
Dodging        | 2 3 4 |  4.7
Fighting       | 1 2 3 4 5 |  5.2
Maces & Flails | 1 2 3 4 |  4.7
Necromancy     | 5 6 |  6.7
Stealth        | |  1.7

Action                   |  1- 3 |  4- 6 |  7- 9 || total
-------------------------+-------+-------+-------++-------
Melee: Short sword       |    14 |       |       ||    14
       Tailslap          |     3 |    18 |    19 ||    40
       Unarmed           |     1 |     3 |       ||     4
       Mace              |    26 |    99 |       ||   125
       Punch             |       |     2 |     2 ||     4
       Flail             |       |    30 |   161 ||   191
       Morningstar       |       |       |     1 ||     1
Throw: Javelin           |       |     2 |       ||     2
 Cast: Pain              |    63 |     6 |       ||    69
       Vampiric Draining |       |    35 |    45 ||    80
       Animate Dead      |       |     2 |     1 ||     3
       Excruciating Woun |       |       |     4 ||     4
 Abil: Breathe Acid      |       |       |     5 ||     5
 Stab: Sleeping          |     1 |     5 |     5 ||    11
Armor: Skin              |    18 |    56 |    82 ||   156
Dodge: Dodged            |    38 |   132 |   138 ||   308

Table legend: (Time is in decaauts)
 A = Elapsed time spent in this place.
 B = Non-inter-level travel time spent in this place.
 C = Inter-level travel time spent in this place.
 D = Time resting spent in this place.
 E = Time spent auto-exploring this place.
 F = Levels seen in this place.
 G = Mean time per level.
                   A        B        C        D        E       F      G
               +--------+--------+--------+--------+--------+-----+--------+
         Total |   9316 |   9225 |     91 |    897 |   6569 |   8 | 1164.5 |
       Dungeon |   9241 |   9150 |     91 |    897 |   6532 |   7 | 1320.1 |
        Temple |     74 |     74 |      0 |      0 |     37 |   1 |   74.0 |
               +--------+--------+--------+--------+--------+-----+--------+

Top non-repeatable levels by time:
     D:2: 2912 daAuts
     D:4: 1696 daAuts
     D:1: 1408 daAuts
     D:3: 1389 daAuts
     D:5: 1108 daAuts
     D:6: 708 daAuts
  Temple: 74 daAuts
     D:7: 17 daAuts
